Map: Lerilak Crest

Players

Brownling - Winner!

  • Race: Zerg Zerg
  • League: Gold

LilDicky

  • Race: Terran Terran
  • League: Diamond

VOD

http://www.twitch.tv/tumescentpie

Description

Time

  • Played on: Jan. 3, 2016, 3:59 a.m.
  • Length: 4:42
Show
View Real Time Build Order
Export as new Build Order

Brownling Zerg - Winner!

Build Orders: Pool First, Zergling Baneling 

Get SALT Encoding   

  12  0:01  Drone  
  13  0:08  Drone  
  14  0:17  Overlord  
  14  0:36  Drone x3  
  17  0:45  Spawning Pool  
  17  0:49  Drone  
  17  0:58  Drone  
  18  1:05  Extractor  
  18  1:09  Drone  
  18  1:21  Hatchery  
  17  1:32  Queen  
  19  1:34  Zergling x2  
  19  1:37  Zergling x2  
  21  2:00  Overlord  
  21  2:02  Drone  
  22  2:23  Metabolic Boost  
  22  2:28  Zergling x6  
  25  2:41  Drone x2  
  25  2:42  Queen  
  29  2:56  Drone x3  
  29  2:57  Drone x2  
  34  3:02  Baneling Nest  
  33  3:10  Overlord  
  33  3:24  Zergling x6  
  36  3:38  Zergling x10  
  41  3:52  Baneling x5  
  41  3:53  Baneling x3  
  41  3:55  Baneling  
  40  3:57  Zergling x6  
  43  4:03  Overlord x2  
  41  4:20  Zergling x8  
Show
View Real Time Build Order
Export as new Build Order

LilDicky Terran 

Build Orders: Command Center First (CC) 

Get SALT Encoding   

  12  0:03  SCV  
  13  0:15  SCV  
  14  0:22  Supply Depot  
  14  0:29  SCV  
  15  0:44  SCV  
  16  0:56  SCV  
  17  1:08  SCV  
  18  1:16  Command Center  
  18  1:20  SCV  
  19  1:27  Supply Depot  
  19  1:32  SCV  
  20  1:36  Barracks  
  20  1:44  SCV  
  21  1:59  SCV  
  22  2:08  Refinery  
  22  2:14  SCV  
  23  2:23  Command Center  
  23  2:28  Marine  
  25  2:39  Orbital Command  
  25  2:40  Orbital Command  
  25  3:01  Barracks  
  25  3:03  Barracks  
  25  3:04  Barracks Tech Lab  
  24  3:07  SCV x2  
  26  3:19  SCV  
  27  3:22  Marine  
  27  3:24  SCV  
  29  3:31  SCV  
  30  3:36  SCV  
  31  3:52  Barracks Tech Lab  
  31  3:53  Barracks Reactor  
  31  3:55  SCV x2, Barracks  
  33  3:56  Orbital Command  
  33  3:58  Barracks  
  32  4:08  SCV  
  32  4:09  SCV  
  34  4:10  Marine x2  
Tags
 
Add a new tag
Caveats
  • Supply blocks, unpowered buildings, or Contaminate may cause inaccurate times.
  • Supply counts are checked every 10 seconds.